cohdb
Replays
Latest Replays
All Replays
Popular Replays
Top Player Replays
Match Explorer
How It Works
Community
CoH3 Stats
Reddit
Sign in to upload your games and track your stats! →
Sign in with Steam
Match 43072656
Unlisted
Match 43072656
Overview
Messages
Build Orders
End
Panzergrenadier Squad
250 Light Carrier
Selects Battlefield Espionage Battlegroup
Panzergrenadier Squad
Selects 250/3 Funkpanzerwagen
250/3 Funkpanzerwagen
Panzergrenadier Squad
Selects Sector Subterfuge Beacon
Construct Light Support Kompanie
Fire Support Elements
2.5-tonne Medical Truck
Combat Half-tracks
250/3 Funkpanzerwagen
Veteran Squad Leaders
Selects Advanced Ambush Training
Construct Panzerarmee Kommand
Selects Plunder
Pak 38 Mechanized Group
Panzer III L Medium Tank
Panzer III L Medium Tank
Selects Firestorm
Firestorm
Armored Reserves
Rapid Advance
Emergency Repair Kits
Selects Operation Skorpion
Firestorm
Mastur Bison
蟑螂恶霸
Abeli
vincent
BigBoss
wl_kaelthas
caparzo
DrK
0
0
Comments
sign in to comment!
No comments posted yet!